 Dungeon Crawl Stone Soup version 0.27.1 (webtiles) character file.

Game seed: 10810627541667553732

3005 nibben the Cleaver (level 9, 0/81 HPs)
             Began as a Minotaur Berserker on Aug 21, 2021.
             Was an Elder of Trog.
             Slain by a yak (4 damage)
             ... on level 9 of the Dungeon.
             The game lasted 00:58:41 (11214 turns).

nibben the Cleaver (Minotaur Berserker)            Turns: 11214, Time: 00:58:42

Health: 0/81       AC: 12    Str: 23 (25) XL:     9   Next: 54%
Magic:  8/8        EV:  9    Int:  2 (4)  God:    Trog [****..]
Gold:   543        SH:  0    Dex:  8 (10) Spells: 8/8 levels left

rFire    . . .     SeeInvis .   a - +0 hand axe
rCold    . . .     Faith    +   (no shield)
rNeg     . . .     Spirit   .   g - +0 chain mail
rPois    .         Reflect  .   (helmet restricted)
rElec    .         Harm     .   (no cloak)
rCorr    .         Rampage  .   v - +0 pair of gloves
Will     .....                  (no boots)
Stlth    ..........             z - amulet of faith
HPRegen  0.23/turn              (no ring)
MPRegen  0.11/turn              (no ring)

@: no status effects
A: horns 2, retaliatory headbutt
a: Renounce Religion, Berserk, Trog's Hand, Brothers in Arms


You were on level 9 of the Dungeon.
You worshipped Trog.
Trog was greatly pleased with you.
You visited 1 branch of the dungeon, and saw 9 of its levels.

You collected 543 gold pieces.

Inventory:

Hand Weapons
 a - a +0 hand axe (weapon)
 c - a +0 long sword
 e - a +0 hand axe
 f - a +0 hunting sling
 l - a +0 flail
 m - a +0 trident
 s - a +3 scythe of venom
Missiles
 d - 355 stones (quivered)
 o - 120 arrows
 u - 4 atropa-tipped darts
Armour
 g - a +0 chain mail (worn)
 q - a +0 scale mail
 v - a +0 pair of gloves (worn)
Jewellery
 y - an amulet of magic regeneration
 z - an amulet of faith (around neck)
Wands
 t - a wand of mindburst (16)
Scrolls
 b - a scroll of teleportation
 h - 2 scrolls of enchant weapon {unknown}
 j - 2 scrolls of fog {unknown}
 k - a scroll of blinking {unknown}
 n - 6 scrolls of identify {unknown}
 r - a scroll of magic mapping {unknown}
 x - a scroll of noise {unknown}
Potions
 i - 5 potions of curing {unknown}
 p - 2 potions of haste {unknown}
 w - a potion of attraction {unknown}


   Skills:
 + Level 7.9 Fighting
 + Level 10.1 Axes
 + Level 0.1 Throwing
 + Level 8.8 Armour
 + Level 5.4 Dodging
 + Level 2.5 Stealth


You had 8 spell levels left.
You didn't know any spells.
Your spell library was empty.

Dungeon Overview and Level Annotations

Branches:
Dungeon (10/15)
 Temple: D:4-7         Lair: D:8-11         Orc: D:9-12

Altars:
Cheibriados
Qazlal
Ru
Uskayaw
Wu Jian
Xom
Yredelemnul

Shops:
D:4 !

Annotations:
D:7 2 transporters, puimuR's ghost, novice HOBr


Innate Abilities, Weirdness & Mutations

You have a pair of horns on your head.
You reflexively headbutt those who attack you in melee.


Message History

Your Axes skill increases to level 10!
You hit the yak. You headbutt the yak.
The yak is almost dead.
You hit the yak but do no damage. The yak barely misses you.
You hit the yak.
The yak is severely wounded.
You hit the yak but do no damage. The yak gores you!
The yak completely misses you.
You barely miss the yak.
The yak is almost dead.
You barely miss the yak. The yak closely misses you. You furiously retaliate!
You headbutt the yak, but do no damage. The yak gores you.
* * * LOW HITPOINT WARNING * * *
You hit the yak.
You kill the yak!
Trog accepts your kill.
You barely miss the yak.
You feel your strength returning.
Your chain mail prevents you from hitting the yak.
The yak is severely wounded.
The yak gores you.
* * * LOW HITPOINT WARNING * * *
You slash the yak!
The yak is severely wounded.
You completely miss the yak. The yak barely misses you.
The yak gores you but does no damage.
You hit the yak but do no damage. Your headbutt misses the yak.
You hit the yak. The yak gores you!
* * * LOW HITPOINT WARNING * * *
The yak gores you.
* * * LOW HITPOINT WARNING * * *
You hit the yak. You headbutt the yak!
The yak is moderately wounded.
You hit the yak. The yak gores you but does no damage.
You hit the yak. You headbutt the yak!
The yak is severely wounded.
You hit the yak. The yak gores you!
* * * LOW HITPOINT WARNING * * *
The yak gores you.
You die...

#.......# #.......#
... #.......# ..#
#.......# ..#
#.......# #..#
#.### #.......#
#..# #....
#....Y..# #..#
#....
#†...Y@.###..# .#
#....
.......####.......#
.# #.... .......
#..##...##.# #....
.......
#..##...##.# #....
.#####.
#..##...##.###....
#.
#..##...##........
#.
#..##.............
#.
#..##.............
#..##...#.........


You could see 2 yaks.

Vanquished Creatures
  Grinder (D:4)
  Sigmund (D:4)
  2 yaks (D:9)
  A wraith (D:9)
  A steam dragon (D:7)
  An acid dragon (D:7)
  2 water moccasins
  A black bear (D:4)
  A sky beast (D:7)
  A necrophage (D:6)
  3 ogres
  A centaur (D:9)
  A phantom (D:6)
  A bullfrog (D:7)
  Blork the orc (D:4)
  2 scorpions
  2 hounds
  3 jellies
  A centaur skeleton (D:5)
  Jessica (D:2)
  3 iguanas
  Natasha (thrice) (D:2)
  2 orc wizards (D:9)
  2 killer bee zombies
  2 hound skeletons (D:4)
  A howler monkey skeleton (D:4)
  14 gnolls
  7 adders
  2 white imps (D:6)
  An ufetubus (D:7)
  An adder skeleton (D:4)
  2 dart slugs
  7 orcs
  7 ball pythons
  9 bats
  7 endoplasms
  3 giant cockroaches
  3 goblins
  9 hobgoblins
  6 jackals
  7 quokkas
  2 frilled lizards
  55 kobolds
  7 rats
190 creatures vanquished.

Vanquished Creatures (others)
  An orc wizard (D:9)
  8 withered plants (D:1)
9 creatures vanquished.

Grand Total: 199 creatures vanquished

Notes
Turn   | Place    | Note
-------+----------+-------------------------------------------
     0 | D:1      | nibben the Minotaur Berserker began the quest for the Orb.
     0 | D:1      | Reached XP level 1. HP: 19/19 MP: 0/0
   457 | D:1      | Reached XP level 2. HP: 27/27 MP: 1/1
   472 | D:1      | Reached skill level 4 in Axes
   628 | D:1      | Found a faded altar of an unknown god.
   953 | D:1      | Reached XP level 3. HP: 31/33 MP: 2/2
  1872 | D:2      | Reached ** piety under Trog
  1875 | D:2      | Reached XP level 4. HP: 33/41 MP: 3/3
  2141 | D:2      | Noticed Natasha
  2146 | D:2      | Killed Natasha
  2156 | D:2      | Reached skill level 5 in Axes
  2290 | D:2      | Noticed Natasha
  2293 | D:2      | Killed Natasha
  2355 | D:2      | Noticed Natasha
  2373 | D:2      | Killed Natasha
  2374 | D:2      | Reached skill level 5 in Fighting
  2374 | D:2      | Reached XP level 5. HP: 19/48 MP: 4/4
  2572 | D:2      | Noticed Jessica
  2742 | D:2      | Killed Jessica
  3072 | D:3      | Reached skill level 1 in Stealth
  3838 | D:3      | Found a snail-covered altar of Cheibriados.
  3838 | D:3      | Found a sacrificial altar of Ru.
  3838 | D:3      | Found a shimmering altar of Xom.
  3838 | D:3      | Found an ornate altar of the Wu Jian Council.
  3850 | D:3      | Found a basalt altar of Yredelemnul.
  3850 | D:3      | Found a hide-covered altar of Uskayaw.
  4255 | D:4      | Reached XP level 6. HP: 50/56 MP: 5/5
  4367 | D:4      | Reached skill level 6 in Axes
  4684 | D:4      | Found Izauzelura's Distillery.
  4744 | D:4      | Noticed Grinder
  4746 | D:4      | Paralysed by Grinder for 5 turns
  4779 | D:4      | Paralysed by Grinder for 6 turns
  5140 | D:4      | Paralysed by Grinder for 3 turns
  5232 | D:4      | Paralysed by Grinder for 7 turns
  5246 | D:4      | Killed Grinder
  5247 | D:4      | Reached XP level 7. HP: 61/61 MP: 6/6
  5296 | D:4      | Reached skill level 7 in Axes
  5396 | D:4      | Reached skill level 5 in Armour
  5573 | D:4      | Noticed Sigmund
  5584 | D:4      | Killed Sigmund
  5584 | D:4      | Reached *** piety under Trog
  6322 | D:4      | Reached XP level 8. HP: 70/70 MP: 7/7
  6546 | D:4      | Reached skill level 8 in Axes
  6634 | D:4      | Reached **** piety under Trog
  7097 | D:5      | Entered Level 5 of the Dungeon
  7097 | D:5      | Found a stormy altar of Qazlal.
  7544 | D:5      | Noticed Blork the orc
  7593 | D:4      | Killed Blork the orc
  8764 | D:6      | Reached skill level 9 in Axes
  9615 | D:7      | Reached XP level 9. HP: 52/79 MP: 8/8
  9869 | D:7      | Found a transporter.
  9869 | D:7      | Noticed puimuR's ghost (novice HOBr)
  9876 | D:7      | Found a transporter.
 10034 | D:7      | Reached skill level 5 in Dodging
 10546 | D:7      | You fall into a shaft and drop 3 floors!
 10546 | D:10     | Entered Level 10 of the Dungeon
 11202 | D:9      | Reached skill level 10 in Axes
 11210 | D:9      | HP: 3/81 [yak (7)]
 11214 | D:9      | Slain by a yak

Illustrated notes

Levels and vault maps discovered:
D:1:      sevenhm_arrival_forest_fort_large_2, layout_basic,
          ebering_ecumenical_altar_petrified,
          wander_ebering_terrifying_dragon_lair
D:2:      layout_basic, minmay_box_of_dots, uniq_jessica, uniq_natasha
D:3:      layout_loops_ring, minmay_overflow_temple_hex
D:4:      minmay_goblin_kobold_castle, layout_loops_corners, serial_shops,
          nicolae_shop_waterfront, uniq_sigmund, uniq_grinder
D:5:      layout_loops_ring, grunt_qazlal_sundering, uniq_blork_the_orc
D:6:      layout_basic, roderic_cross_of_infinity, hex_medium,
          grunt_ministairs_14
D:7:      layout_cave_pools, lemuel_temple_firewalk_b, gammafunk_ghost_mausoleum
D:9:      layout_long_grid
D:10:     layout_irregular_city, mainiacjoe_overflow_six_doors_small,
          serial_shops, nicolae_shop_crystal, shop, shop, nooodl_orcs_dogs

Skill      XL: |  1  2  3  4  5  6  7  8  9 |
---------------+----------------------------+-----
Axes           | 4 5 6 7 9 10 | 10.1
Fighting       | 4 5 7 |  7.9
Dodging        | 3 4 5 |  5.4
Stealth        | 1 2 |  2.5
Armour         | 3 4 5 7 8 |  8.8
Throwing       | |  0.1

Action                   |  1- 3 |  4- 6 |  7- 9 || total
-------------------------+-------+-------+-------++-------
Melee: Hand axe          |    86 |   126 |   291 ||   503
       Headbutt          |    13 |    24 |    56 ||    93
Throw: Stone             |     2 |       |     1 ||     3
       Throwing net      |       |     1 |       ||     1
Invok: Berserk           |     1 |     4 |     3 ||     8
       Trog's Hand       |       |     1 |       ||     1
  Use: Scroll            |     1 |       |       ||     1
       Potion            |     1 |     1 |     3 ||     5
 Stab: Sleeping          |     2 |       |       ||     2
Armor: Animal skin       |    16 |     2 |       ||    18
       Leather armour    |       |    15 |       ||    15
       Ring mail         |       |    11 |       ||    11
       Scale mail        |       |     7 |    95 ||   102
       Chain mail        |       |       |    44 ||    44
Dodge: Dodged            |    55 |    90 |   159 ||   304
